 Dungeon Crawl Stone Soup version 0.20.1-1-g8b1a95d (webtiles) character file.

175 OneorTwo the Gusty (level 5, -16/38 HPs)
             Began as a Draconian Air Elementalist on July 28, 2017.
             Demolished by Teleutos's ghost (18 damage)
             ... on level 3 of the Dungeon.
             The game lasted 00:20:59 (3371 turns).

OneorTwo the Gusty (Draconian Air Elementalist)     Turns: 3371, Time: 00:21:00

Health: -16/38     AC:  5    Str: 10    XL:     5   Next: 29%
Magic:  8/8        EV: 12    Int: 16    God:
Gold:   128        SH:  0    Dex: 12    Spells: 7/8 levels left

rFire    . . .     SeeInvis .   i - +2 dagger (elec)
rCold    . . .     Gourm    .   (no shield)
rNeg     . . .     Faith    .   (armour unavailable)
rPois    .         Spirit   .   (helmet restricted)
rElec    .         Reflect  .   (no cloak)
rCorr    .         Harm     .   (no gloves)
MR       +....                  (no boots)
Stlth    ++........             (no amulet)
Regen    0.2/turn               c - ring of protection from magic
MPRegen  0.2/turn               r - ring of wizardry

@: no status effects
A: unfitting armour, cold-blooded, AC +5
a: no special abilities


You were on level 3 of the Dungeon.
You were not hungry.

You visited 1 branch of the dungeon, and saw 3 of its levels.

You collected 128 gold pieces.

Inventory:

Hand Weapons
 f - a +0 mace of crushing
 i - a +2 dagger of electrocution (weapon)
Missiles
 j - 131 stones
 k - 7 javelins (quivered)
Jewellery
 c - a ring of protection from magic (left hand)
 r - a ring of wizardry (right hand)
Wands
 p - a wand of acid (8/15)
Scrolls
 d - 2 scrolls of identify
 l - a scroll of fear
 o - a scroll of remove curse
Potions
 e - 2 potions of curing
 g - a potion of invisibility
 h - 2 potions of resistance
 q - a potion of degeneration {unknown}
Books
 a - a book of Air

   Spells                             Type                      Level
   a - Shock                          Conjuration/Air              1
   b - Swiftness                      Charms/Air                   2
   c - Static Discharge               Conjuration/Air              3
   d - Airstrike                      Air                          4
   e - Lightning Bolt                 Conjuration/Air              5
Comestibles
 b - 4 bread rations
 m - a meat ration
 n - 4 fruits


   Skills:
 + Level 1.0 Short Blades
 + Level 2.5 Dodging
 + Level 2.0 Stealth
 - Level 2.0 Spellcasting
 + Level 2.5 Conjurations
 + Level 4.8 Air Magic


You had 7 spell levels left.
You knew the following spells:

 Your Spells              Type           Power        Failure   Level  Hunger
a - Shock                 Conj/Air       ##..         1%          1    #......


Dungeon Overview and Level Annotations

Branches:
Dungeon (3/15)

Altars:
Cheibriados
Dithmenos
Elyvilon
Fedhas
Makhleb
Nemelex Xobeh
Okawaru
Uskayaw
Zin

Annotations:
D:3 Teleutos's ghost, amateur TrBe


Innate Abilities, Weirdness & Mutations

Your plain brown scales are hard. (AC +5)
You cannot fit into any form of body armour.
You are cold-blooded and may be slowed by cold attacks.


Message History

Teleutos's ghost is heavily damaged.
You barely miss Teleutos's ghost. You tail-slap Teleutos's ghost.
Teleutos's ghost is heavily damaged.
Teleutos's ghost hits you.
You barely miss Teleutos's ghost.
Teleutos's ghost is heavily damaged.
Teleutos's ghost barely misses you.
You closely miss Teleutos's ghost.
Teleutos's ghost is heavily damaged.
Teleutos's ghost hits you!!
Ouch! That really hurt!
You closely miss Teleutos's ghost.
Your tail-slap misses Teleutos's ghost.
Teleutos's ghost is heavily damaged.
Teleutos's ghost hits you!
* * * LOW HITPOINT WARNING * * *
You hit Teleutos's ghost but do no damage.
Your tail-slap misses Teleutos's ghost.
Teleutos's ghost is heavily damaged.
Teleutos's ghost hits you!!
You die...

#.#............# #.....
#.#.#....._....###.....
#.#.#........+.........
#.#.#_.......#####.....
#.#.#........# ######
#.# #........# #.#
##'####.##
#.#.##W.....# #.#...@#
### #.####.# #.# #.#
#######.# #.# #.......#
#.# #.####### #.# #.#
#.# #.# #.# #.# #.#


You could see Teleutos's ghost.

Vanquished Creatures
  An orc priest (D:3)
  An orc wizard (D:3)
  4 gnolls (D:2)
  2 adders (D:2)
  A worm (D:2)
  A leopard gecko (D:2)
  3 orcs (D:3)
  3 ball pythons
  2 giant cockroaches (D:1)
  6 goblins
  6 hobgoblins
  3 jackals (D:1)
  A quokka (D:1)
  8 bats
  A frilled lizard (D:1)
  8 kobolds
  8 rats
59 creatures vanquished.

Notes
Turn   | Place    | Note
-------+----------+-------------------------------------------
     0 | D:1      | OneorTwo the Draconian Air Elementalist began the quest for the Orb.
     0 | D:1      | Reached XP level 1. HP: 14/14 MP: 3/3
   224 | D:1      | Reached XP level 2. HP: 20/20 MP: 0/5
  1073 | D:1      | Reached XP level 3. HP: 21/26 MP: 0/6
  1353 | D:2      | Reached skill level 4 in Air Magic
  1673 | D:2      | Reached XP level 4. HP: 14/33 MP: 1/7
  2383 | D:3      | Noticed Teleutos's ghost (amateur TrBe)
  2691 | D:3      | Found a glowing silver altar of Zin.
  2691 | D:3      | Found a burning altar of Makhleb.
  2692 | D:3      | Noticed a green death
  2692 | D:3      | Noticed an angel
  2769 | D:3      | Found a white marble altar of Elyvilon.
  2951 | D:3      | Found a sparkling altar of Nemelex Xobeh.
  2981 | D:3      | Found a snail-covered altar of Cheibriados.
  2983 | D:3      | Found a blossoming altar of Fedhas.
  2983 | D:3      | Found a hide-covered altar of Uskayaw.
  2984 | D:3      | Found an iron altar of Okawaru.
  2986 | D:3      | Found a shadowy altar of Dithmenos.
  3007 | D:3      | Reached skill level 1 in Short Blades
  3007 | D:3      | Reached XP level 5. HP: 18/38 MP: 4/8
  3370 | D:3      | HP: 1/38 [Teleutos's ghost (12)]
  3371 | D:3      | Demolished by Teleutos's ghost

Skill      XL: |  1  2  3  4  5 |
---------------+----------------+-----
Dodging        | 2 |  2.5
Air Magic      | 4 |  4.8
Conjurations   | 2 |  2.5
Short Blades   | 1 |  1.0
Stealth        | 2 |  2.0
Spellcasting   | |  2.0

Action                   |  1- 3 |  4- 6 || total
-------------------------+-------+-------++-------
Melee: Unarmed           |     6 |       ||     6
       Tailslap          |     3 |     7 ||    10
       Dagger            |    32 |    36 ||    68
Throw: Stone             |     7 |       ||     7
       Javelin           |       |     1 ||     1
 Cast: Shock             |    60 |    36 ||    96
  Use: Scroll            |     6 |     3 ||     9
       Potion            |     4 |       ||     4
 Stab: Sleeping          |       |     2 ||     2
  Eat: Chunk             |     3 |     6 ||     9
Armor: Skin              |     4 |     8 ||    12
Dodge: Dodged            |    22 |    21 ||    43
